 Dungeon Crawl Stone Soup version 0.19.5 (webtiles) character file.

442 Peloso the Slasher (level 6, 0/53 HPs)
             Began as a Minotaur Fighter on Mar 12, 2017.
             Slain by Duvessa
             ... wielding a +0 short sword
              (11 damage)
             ... on level 4 of the Dungeon.
             The game lasted 00:06:09 (2312 turns).

Peloso the Slasher (Minotaur Fighter)               Turns: 2312, Time: 00:06:10

Health: 0/53       AC: 12    Str: 20    XL:     6   Next: 71%
Magic:  5/5        EV:  6    Int:  5    God:
Gold:   108        SH: 10    Dex: 12    Spells: 0 memorised, 5 levels left

rFire  . . .     SeeInvis .     a - +0 long sword
rCold  . . .     Gourm    .     t - +0 chain mail
rNeg   . . .     Faith    .     c - +0 shield
rPois  .         Spirit   .     (helmet restricted)
rElec  .         Reflect  .     h - +0 cloak
rCorr  .         Harm     .     (no gloves)
MR     .....                    j - +0 pair of boots
Stlth  ..........               (no amulet)
                                (no ring)
                                (no ring)

@: no status effects
A: retaliatory headbutt, horns 2
a: no special abilities


You were on level 4 of the Dungeon.
You were not hungry.

You visited 1 branch of the dungeon, and saw 4 of its levels.

You collected 108 gold pieces.

Inventory:

Hand Weapons
 a - a +0 long sword (weapon)
 r - a cursed -3 dagger
Armour
 c - a +0 shield (worn)
 h - a +0 cloak (worn)
 j - a +0 pair of boots (worn)
 t - a +0 chain mail (worn)
Jewellery
 d - an uncursed amulet of regeneration {unknown}
Scrolls
 b - a scroll of amnesia {unknown}
 e - a scroll of remove curse
 l - a scroll of teleportation {unknown}
 p - a scroll of identify
 s - 3 scrolls of magic mapping {unknown}
Potions
 g - a potion of experience
 i - a potion of brilliance
 q - a potion of agility
 u - a potion of mutation {unknown}
 v - a potion of heal wounds {unknown}
Comestibles
 f - 2 bread rations
 k - 11 chunks of flesh
 m - 5 fruits
 o - 2 meat rations


   Skills:
 + Level 4.6 Fighting
 + Level 5.5 Long Blades
 + Level 5.2 Armour
 + Level 1.9 Dodging
 + Level 0.1 Stealth
 + Level 5.3 Shields


You had 5 spell levels left.
You didn't know any spells.

Dungeon Overview and Level Annotations

Branches:
Dungeon (4/15)
 Temple: D:4-7

Altars:
Sif Muna

Annotations:
D:4 Duvessa


Innate Abilities, Weirdness & Mutations

You reflexively headbutt those who attack you in melee.
You have a pair of horns on your head.


Message History

Duvessa is severely wounded.
The orc hits you with a hand axe.
* * * LOW HITPOINT WARNING * * *
Duvessa hits you with a short sword.
* * * LOW HITPOINT WARNING * * *
The orc hits you but does no damage. x2; You block Duvessa's attack.
You feel better. The orc hits you but does no damage.
You block Duvessa's attack. You block the orc's attack.
An orc comes into view.
You block Duvessa's attack.
You hear a shout!
You block Duvessa's attack. The adder bites you but does no damage.
The adder bites you but does no damage. Duvessa hits you with a short sword.
* * * LOW HITPOINT WARNING * * *
The adder bites you but does no damage. Duvessa hits you but does no damage.
Duvessa rages.
You block Duvessa's attack. You block Duvessa's attack.
Duvessa hits you with a short sword!
You die...

..............# #...
..............###...
.......#............ #...
..............##... #....
..>............... ###....
###...............
.......######...............
.............................
............@..##....#......#
#...........oe..##...##......#
#.....#.....o...###........#..
#.....#...o.....##.........###
#........S......##.........'..
.........#######..........###
##......#.....#..........###
#...................#....#..
#..................##....#..


You could see Duvessa (berserk), an adder and 3 orcs.

Vanquished Creatures
  An ogre (D:4)
  A scorpion (D:4)
  Dowan (D:4)
  Crazy Yiuf (D:2)
  A hound (D:4)
  An orc wizard (D:3)
  8 adders
  An ooze (D:1)
  3 worms
  2 dart slugs (D:2)
  6 leopard geckos
  4 orcs (D:3)
  10 bats
  3 giant cockroaches
  6 goblins
  7 hobgoblins
  A quokka (D:4)
  5 frilled lizards
  7 kobolds
  17 rats
86 creatures vanquished.

Notes
Turn   | Place    | Note
-------+----------+-------------------------------------------
     0 | D:1      | Peloso the Minotaur Fighter began the quest for the Orb.
     0 | D:1      | Reached XP level 1. HP: 19/19 MP: 0/0
    75 | D:1      | Reached XP level 2. HP: 27/27 MP: 1/1
   246 | D:1      | Reached XP level 3. HP: 32/33 MP: 2/2
   609 | D:2      | Found a runed door.
   928 | D:2      | Reached XP level 4. HP: 40/40 MP: 3/3
  1044 | D:2      | Found a deep blue altar of Sif Muna.
  1265 | D:2      | Noticed Crazy Yiuf
  1270 | D:2      | Killed Crazy Yiuf
  1270 | D:2      | Reached skill level 1 in Dodging
  1665 | D:3      | Reached XP level 5. HP: 46/46 MP: 4/4
  2084 | D:4      | Noticed an ogre
  2092 | D:4      | Killed an ogre
  2092 | D:4      | Reached skill level 5 in Long Blades
  2092 | D:4      | Reached skill level 5 in Armour
  2092 | D:4      | Reached skill level 5 in Shields
  2092 | D:4      | Reached XP level 6. HP: 52/52 MP: 5/5
  2165 | D:4      | Noticed Dowan
  2166 | D:4      | Noticed Duvessa
  2199 | D:4      | Killed Dowan
  2312 | D:4      | Slain by Duvessa

Skill      XL: |  1  2  3  4  5 |
---------------+----------------+-----
Shields        | 4 5 |  5.3
Fighting       | 4 |  4.6
Long Blades    | 3 4 5 |  5.5
Armour         | 4 5 |  5.2
Dodging        | 1 |  1.9
Stealth        | |  0.1

Action                   |  1- 3 |  4- 6 || total
-------------------------+-------+-------++-------
Melee: Long sword        |   109 |   116 ||   225
       Headbutt          |    16 |    21 ||    37
  Use: Scroll            |       |     6 ||     6
       Potion            |       |     2 ||     2
 Stab: Invisible         |       |     1 ||     1
  Eat: Chunk             |       |     5 ||     5
Armor: Scale mail        |    59 |    38 ||    97
       Chain mail        |       |    37 ||    37
Dodge: Dodged            |    42 |    37 ||    79
Block: Shield            |    63 |    79 ||   142
       Rpst.: Long sword |    10 |    10 ||    20
